 Dungeon Crawl Stone Soup version 0.28.0-45-g0d030f2227 (webtiles) character file.

Game seed: 17583818315378937396

50 croobank the Sneak (level 3, 0/21 HPs)
             Began as an Octopode Fire Elementalist on Apr 16, 2022.
             Frozen to death by an endoplasm (4 damage)
             ... on level 3 of the Dungeon.
             The game lasted 00:04:53 (2515 turns).

croobank the Sneak (Octopode Fire Elementalist)     Turns: 2515, Time: 00:04:53

Health: 0/21       AC:  1    Str:  7    XL:     3   Next: 79%
Magic:  1/6        EV: 13    Int: 19    God:
Gold:   92         SH:  0    Dex: 12    Spells: 3/6 levels left

rFire   . . .      SeeInvis .   (no weapon)
rCold   . . .      Faith    .   (no shield)
rNeg    . . .      Spirit   .   (helmet restricted)
rPois   .          Reflect  .   (no amulet)
rElec   .          Harm     .   (no ring)
rCorr   .          Rampage  .   (no ring)
Will    .....                   (no ring)
Stlth   +++.......              (no ring)
HPRegen 0.07/turn               (no ring)
MPRegen 0.10/turn               (no ring)
                                (no ring)
                                (no ring)

@: no status effects
A: almost no armour, amphibious, 8 rings, camouflage 1, gelatinous body 1,
(nimble swimmer 1), tentacles
a: no special abilities


You were on level 3 of the Dungeon.
You visited 1 branch of the dungeon, and saw 3 of its levels.

You collected 92 gold pieces.

Inventory:

Missiles
 e - 21 stones
 h - 21 bolts
 i - 23 arrows
Scrolls
 a - a scroll of noise {unknown}
 c - a scroll of teleportation {unknown}
 d - a scroll of brand weapon {unknown}
 g - 3 scrolls of fog {unknown}
Potions
 b - a potion of curing {unknown}
 f - a potion of magic {unknown}
 j - a potion of cancellation {unknown}
 k - a potion of heal wounds {unknown}


   Skills:
 + Level 2.4 Dodging
 + Level 3.4 Stealth
 + Level 2.3 Spellcasting
 + Level 1.8 Conjurations
 + Level 3.3 Fire Magic


You had 3 spell levels left.
You knew the following spells:

 Your Spells              Type           Power      Damage    Failure   Level
a - Foxfire               Conj/Fire      48%        2x1d6     5%          1
b - Scorch                Fire           30%        2d7       6%          2

Your spell library contained the following spells:

 Spells                   Type           Power      Damage    Failure   Level
 Conjure Flame            Conj/Fire      12%        6-21      17%         3
 Inner Flame              Hex/Fire       8%         N/A       24%         3
 Flame Wave               Conj/Fire      12%        2d6       50%         4


Dungeon Overview and Level Annotations

Branches:
Dungeon (3/15)

Altars:

Shops:
D:2 (


Innate Abilities, Weirdness & Mutations

You cannot wear most types of armour.
You are amphibious.
You can wear up to eight rings at the same time.
Your skin changes colour to match your surroundings (Stealth+).
Your rubbery body absorbs attacks. (AC +1, EV +1)
((You are camouflaged when in or above water. (Stealth+)))
You have tentacles for arms and can constrict up to eight enemies at once.


Message History

Your magical contamination has completely faded away.
You tentacle-slap the jackal but do no damage.
You constrict the jackal, but do no damage.
The jackal misses you. The jackal closely misses you.
You tentacle-slap the jackal.
The jackal is heavily wounded.
You constrict the jackal, but do no damage.
The jackal misses you. x2; The jackal closely misses you.
The jackal bites you.
You tentacle-slap the jackal. You squeeze the jackal.
You kill the jackal!
The jackal closely misses you.
You tentacle-slap the endoplasm.
The endoplasm is lightly wounded.
The jackal closely misses you. x2; The endoplasm hits you.
You tentacle-slap the endoplasm but do no damage.
You squeeze the endoplasm.
The endoplasm is almost dead.
The jackal barely misses you. The endoplasm freezes you.
You are frozen.
You tentacle-slap the endoplasm but do no damage.
The endoplasm is almost dead.
The jackal misses you. The endoplasm freezes you.
You are frozen.
You tentacle-slap the endoplasm but do no damage.
The endoplasm is almost dead.
The jackal closely misses you. The jackal bites you. The endoplasm freezes you.
You are frozen.
* * * LOW HITPOINT WARNING * * *
Casting: Foxfire (safe; 5% risk of failure)
Confirm with . or Enter, or press ? or * to list all spells.
Flames lash the adder.
The adder is heavily wounded.
The adder's fire resistance burns away.
The jackal bites you.
* * * LOW HITPOINT WARNING * * *
The endoplasm freezes you.
You are frozen.
You die...

## .. .###
####.....
#@hS.....
##J##..###
#.<.# #
#.###...#
..# #.....
#.#. ..##.
.. . .# #
# #


You could see an adder (combustible), an endoplasm and a jackal.

Vanquished Creatures
  2 dart slugs
  4 endoplasms
  3 giant cockroaches
  4 hobgoblins
  7 jackals
  3 quokkas (D:1)
  2 bats
  5 frilled lizards
  5 goblins
  3 kobolds
  3 rats
41 creatures vanquished.

Vanquished Creatures (others)
  65 foxfires
65 creatures vanquished.

Grand Total: 106 creatures vanquished

Notes
Turn   | Place    | Note
-------+----------+-------------------------------------------
     0 | D:1      | croobank the Octopode Fire Elementalist began the quest for
                  | the Orb.
     0 | D:1      | Reached XP level 1. HP: 11/11 MP: 3/3
   747 | D:1      | Reached XP level 2. HP: 8/17 MP: 1/5
   962 | D:1      | Learned a level 2 spell: Scorch
  1697 | D:2      | Reached XP level 3. HP: 21/21 MP: 0/6
  2115 | D:2      | Found a faded altar of an unknown god.
  2419 | D:2      | Found Urphut's Antique Weapon Boutique.
  2515 | D:3      | Frozen to death by an endoplasm

Illustrated notes

Levels and vault maps discovered:
D:1:      evilmike_arrival_crescent, layout_loops_corners
D:2:      layout_rooms, serial_shops, nicolae_shop_behind_doors,
          basic_ecumenical_altar, minivault_24
D:3:      layout_loops_ring, minmay_pentangle

Skill      XL: |  1  2 |
---------------+-------+-----
Stealth        | 3 |  3.4
Dodging        | |  2.4
Spellcasting   | |  2.3
Conjurations   | |  1.8
Fire Magic     | |  3.3

Action                   || total
-------------------------++-------
Melee: Unarmed           ||    27
       Constrict         ||     7
       Tentacles         ||     7
       Punch             ||     1
 Cast: Foxfire           ||    36
       Scorch            ||    15
  Use: Scroll            ||     1
Armor: Skin              ||     4
Dodge: Dodged            ||    36
